details: 'mass pings makes my team leave'

« prev index next »

General information

Mini Map

Players

team 1
UndeaddeLonTewEst (purple | 42 APM | 15 actions | 00:21)

» actions
Build / train1
Enter build submenu2
Right click6
Select / deselect4
Use ability2
15 total
» units
Acolyte1
1 total
» buildings
Graveyard1
Crypt1
2 total
» build order
00:12 Graveyard
00:16 Crypt
OrcDark-Raptor (yellow | 45 APM | 458 actions | 10:17)
Hero icon 3 Blademaster
Ability icon 2 Wind Walk
Ability icon 1 Critical Strike
Hero icon 1 Tauren Chieftain
Ability icon 1 Endurance Aura

» actions
Assign group hotkey9
Basic commands25
Build / train23
Enter build submenu11
Enter hero's abilities submenu4
Remove unit from queue1
Right click150
Select / deselect162
Select group hotkey23
Use ability50
458 total
» units
Peon9
Grunt3
12 total
» buildings
Altar of Storms1
Orc Burrow4
Barracks1
Voodoo Lounge1
Stronghold1
War Mill1
Great Hall1
Spirit Lodge1
11 total
» build order
00:11 Altar of Storms
00:21 Orc Burrow
00:41 Barracks
01:26 Orc Burrow
02:09 Voodoo Lounge
03:03 Stronghold
03:51 Orc Burrow
04:04 War Mill
05:17 Great Hall
05:38 Spirit Lodge
08:23 Orc Burrow
» items
Healing Salve2
Lesser Clarity Potion1
3 total
HumanPing1 (red | 3 APM | 34 actions | 12:39)

» actions
Basic commands1
Build / train4
Enter build submenu4
Right click4
Select / deselect17
Use ability4
34 total
» upgrades
Masonry1
1 total
» buildings
Lumber Mill3
3 total
» build order
12:22 Lumber Mill
12:23 Lumber Mill
12:24 Lumber Mill
Humanzeppelin016 (pink | 38 APM | 446 actions | 11:48)
Hero icon 1 Archmage
Ability icon 1 Summon Water Elemental

» actions
Assign group hotkey9
Basic commands21
Build / train44
ESC pressed2
Enter build submenu26
Enter hero's abilities submenu1
Right click98
Select / deselect200
Select group hotkey13
Use ability32
446 total
» units
Peasant18
Acolyte1
Siege Engine8
27 total
» upgrades
Lumber Harvesting2
Masonry2
Gunpowder2
Plating1
7 total
» buildings
Altar of Kings1
Farm10
Lumber Mill1
Scout Tower6
Guard Tower6
Keep1
Blacksmith1
Castle1
Town Hall1
Workshop4
32 total
» build order
00:12 Altar of Kings
00:17 Farm
01:11 Farm
01:19 Lumber Mill
01:42 Scout Tower
01:56 Scout Tower
02:23 Scout Tower
02:25 Guard Tower
02:43 Guard Tower
02:51 Guard Tower
03:00 Scout Tower
03:33 Keep
03:36 Scout Tower
03:40 Farm
03:42 Guard Tower
04:20 Farm
04:22 Scout Tower
04:23 Guard Tower
05:20 Blacksmith
05:22 Guard Tower
05:31 Farm
05:54 Castle
06:02 Town Hall
06:37 Workshop
06:39 Workshop
06:43 Workshop
07:10 Farm
07:15 Workshop
07:59 Farm
08:39 Farm
09:20 Farm
10:00 Farm
team 2
Random» Orcseizeurglory (orange | 94 APM | 1194 actions | 12:39)
Hero icon 3 Far Seer
Ability icon 1 Feral Spirit
Ability icon 2 Chain Lighting
Hero icon 2 Shadow Hunter
Ability icon 1 Hex
Ability icon 1 Healing Wave

» actions
Assign group hotkey24
Basic commands87
Build / train62
Enter build submenu13
Enter hero's abilities submenu5
Remove unit from queue1
Right click383
Select / deselect162
Select group hotkey423
Use ability34
1194 total
» units
Peon12
Grunt21
Wind Rider1
Gnoll Overseer1
Mud Golem2
Ice Troll Berserker4
Raider2
43 total
» upgrades
Ensnare1
1 total
» buildings
Altar of Storms1
Orc Burrow6
Barracks1
Voodoo Lounge1
Stronghold2
Beastiary2
War Mill1
14 total
» build order
00:10 Altar of Storms
00:13 Orc Burrow
00:34 Barracks
01:18 Orc Burrow
03:19 Voodoo Lounge
04:13 Orc Burrow
04:38 Stronghold
04:39 Stronghold
05:45 Orc Burrow
07:19 Beastiary
07:20 Beastiary
08:18 Orc Burrow
08:52 Orc Burrow
08:57 War Mill
» items
Healing Salve2
Lesser Clarity Potion1
Scroll of Speed1
4 total
HumanStephenMalkmus (green | 32 APM | 411 actions | 12:39)
Hero icon 2 Archmage
Ability icon 1 Summon Water Elemental
Ability icon 1 Brilliance Aura
Hero icon 1 Mountain King
Ability icon 1 Storm Bolt

» actions
Assign group hotkey17
Basic commands24
Build / train36
ESC pressed2
Enter build submenu22
Enter hero's abilities submenu3
Right click118
Select / deselect140
Select group hotkey14
Use ability35
411 total
» units
Peasant11
Footman11
22 total
» upgrades
Defend1
Lumber Harvesting1
2 total
» buildings
Altar of Kings1
Farm7
Barracks2
Arcane Vault1
Lumber Mill1
Scout Tower8
Guard Tower6
Keep1
Town Hall1
28 total
» build order
00:21 Altar of Kings
00:25 Farm
00:38 Barracks
00:51 Farm
02:41 Farm
02:45 Barracks
03:12 Arcane Vault
03:16 Lumber Mill
04:19 Farm
04:21 Farm
05:04 Farm
06:11 Scout Tower
06:14 Scout Tower
06:20 Scout Tower
06:25 Scout Tower
06:42 Guard Tower
06:46 Scout Tower
06:48 Guard Tower
06:50 Guard Tower
06:53 Guard Tower
06:59 Scout Tower
07:16 Guard Tower
07:50 Keep
08:20 Town Hall
09:35 Scout Tower
09:53 Farm
11:07 Guard Tower
11:09 Scout Tower
OrcPing2 (teal | 1 APM | 12 actions | 12:37)

» actions
Right click2
Select / deselect6
Use ability4
12 total
Random» OrcSpenny (blue | 52 APM | 659 actions | 12:39)
Hero icon 2 Blademaster
Ability icon 1 Wind Walk
Ability icon 1 Critical Strike

» actions
Assign group hotkey23
Basic commands9
Build / train34
Enter build submenu13
Enter hero's abilities submenu2
Right click372
Select / deselect149
Select group hotkey41
Use ability16
659 total
» units
Peon7
Grunt1
Troll Headhunter/Berserker17
Goblin Sapper1
26 total
» upgrades
Ranged Weapons2
Troll Regeneration1
3 total
» buildings
Altar of Storms1
Orc Burrow6
Barracks2
War Mill1
Stronghold1
Fortress1
12 total
» build order
00:06 Altar of Storms
00:28 Orc Burrow
00:57 Barracks
01:45 Barracks
01:57 Orc Burrow
02:10 Orc Burrow
02:33 War Mill
03:07 Orc Burrow
03:36 Orc Burrow
05:13 Orc Burrow
08:10 Stronghold
11:32 Fortress

Chat log


(01:04 / Allies) Dark-Raptor: you fell good huh?

(02:07 / All) StephenMalkmus: fuck whoever th ehacker is on the other team
(02:21 / All) Ping1: hacker
(02:22 / All) Ping1: ?
(02:51 / All) StephenMalkmus: red youre a loser
(02:57 / All) Ping1: what is wrong
(03:07 / All) StephenMalkmus: epic dude
(03:14 / All) Ping1: what am i doing
(03:38 / Allies) Dark-Raptor: you must feel fucking amazing huh
(03:42 / Allies) Ping1: yea

(05:18 / All) Ping1: like the pings?
(05:30 / All) seizeurglory: its some sad shit bros
(05:36 / All) StephenMalkmus: red find something better to do
(05:48 / All) Ping1: why red
(05:50 / All) Ping1: why not..... TEAL
(06:07 / All) Ping1: HUH?

(10:17 / All) zeppelin016: YES
(10:19 / All) zeppelin016: YOU HAVE NO IDEA

(11:55 / All) StephenMalkmus: btfo
(12:01 / All) Ping1: IT LOOKS LIKE THIS ROUND
(12:08 / All) Ping1: THE TEAM THAT COULD HANDLE THE PINGS
(12:11 / All) Ping1: IS THE TEAM OF PING2
(12:22 / All) seizeurglory: what pings?
(12:39 / All) StephenMalkmus: red has to be a neet